 Dungeon Crawl Stone Soup version 0.26.0-10-g1f06aea511 (webtiles) character file.

Game seed: 3542427028927763054

1673 MajorAdolf the Skirmisher (level 9, -12/82 HPs)
             Began as a Naga Wanderer on Jan 15, 2021.
             Was an Initiate of Gozag.
             Mangled by a six-headed hydra (14 damage)
             ... on level 6 of the Dungeon.
             The game lasted 00:12:42 (10302 turns).

MajorAdolf the Skirmisher (Naga Wanderer)          Turns: 10302, Time: 00:12:42

Health: -12/82     AC:  5    Str: 14    XL:     9   Next: 1%
Magic:  11/14      EV: 11    Int: 17    God:    Gozag
Gold:   716        SH:  4    Dex: 10    Spells: 9/15 levels left

rFire    + . .     SeeInvis +   a - +2 falchion
rCold    . . .     Faith    .   w - +0 buckler
rNeg     . . .     Spirit   .   d - +0 robe
rPois    +         Reflect  .   A - +0 helmet
rElec    .         Harm     .   (no cloak)
rCorr    .         Rampage  .   (no gloves)
Will     +....                  (no barding)
Stlth    ++........             (no amulet)
HPRegen  0.23/turn              k - ring of stealth
MPRegen  0.14/turn              y - ring of protection from fire

@: lethally poisoned (-12 -> -13), very slow
A: large, see invisible, deformed body, poison resistance, slowness 2, spit
poison 1, AC +3
a: Spit Poison, Renounce Religion, Potion Petition, Call Merchant, Bribe Branch


You were on level 6 of the Dungeon.
You worshipped Gozag.
Gozag was pleased with you.
You visited 2 branches of the dungeon, and saw 8 of its levels.

You collected 773 gold pieces.
You paid 57 gold pieces to Gozag.

Inventory:

Hand Weapons
 a - a +2 falchion (weapon)
 c - a +0 spear
 s - a +2 vorpal hand axe
Missiles
 t - 2 throwing nets
Armour
 d - a +0 robe (worn)
 w - a +0 buckler (worn)
 A - a +0 helmet (worn)
Jewellery
 h - a cursed ring of attention {unknown}
 k - a ring of stealth (left hand)
 y - a ring of protection from fire (right hand)
 z - an uncursed ring of protection from cold {unknown}
 C - an uncursed ring of positive energy {unknown}
Scrolls
 g - 2 scrolls of remove curse
 j - a scroll of enchant armour
 m - 2 scrolls of enchant weapon
 p - a scroll of magic mapping
 u - 2 scrolls of amnesia
 x - a scroll of noise {unknown}
Potions
 b - a potion of mutation
 e - 2 potions of resistance
 f - 3 potions of degeneration
 i - 2 potions of curing
 l - 3 potions of ambrosia
 n - 2 potions of attraction
 o - 3 potions of brilliance
 q - a potion of cancellation
 r - 2 potions of flight
 B - a potion of might {unknown}


   Skills:
 - Level 6.2 Fighting
 - Level 2.0 Long Blades
 - Level 2.0 Polearms
 - Level 1.0 Throwing
 - Level 4.5 Dodging
 - Level 2.4 Shields
 + Level 3.6 Spellcasting
 + Level 4.0 Summonings
 + Level 4.0 Air Magic


You had 9 spell levels left.
You knew the following spells:

 Your Spells              Type           Power        Failure   Level
a - Call Imp              Summ           17%          4%          2
b - Summon Lightning Spi  Summ/Air       16%          30%         4

Your spell library contained the following spells:

 Spells                   Type           Power        Failure   Level
 Summon Small Mammal      Summ           68%          3%          1
 Call Canine Familiar     Summ           17%          9%          3
 Summon Guardian Golem    Hex/Summ       10%          22%         3
 Confusing Touch          Hex            3%           43%         3
 Gell's Gravitas          Tloc           1%           43%         3
 Summon Ice Beast         Ice/Summ       10%          56%         4
 Petrify                  Tmut/Erth      3%           85%         4
 Metabolic Englaciation   Hex/Ice        1%           99%         5
 Yara's Violent Unravell  Hex/Tmut       1%           99%         5


Dungeon Overview and Level Annotations

Branches:
Dungeon (7/15)             Temple (1/1) D:4

Altars:
Ashenzari
Cheibriados
Dithmenos
Elyvilon
Fedhas
Gozag
Hepliaklqana
Kikubaaqudgha
Makhleb
Nemelex Xobeh
Okawaru
Qazlal
Ru
Sif Muna
Trog
Uskayaw
Vehumet
Wu Jian
Xom
Yredelemnul
The Shining One

Shops:
D:4 [


Innate Abilities, Weirdness & Mutations

You cannot wear boots.
Your serpentine skin is tough. (AC +3)
You have supernaturally acute eyesight. (SInv)
Armour fits poorly on your strangely shaped body.
Your system is resistant to poisons. (rPois)
You cover ground very slowly.
You can spit poison.


Message History

The six-headed hydra bites you! The six-headed hydra bites you.
* * * LOW HITPOINT WARNING * * *
The six-headed hydra bites you!
* * * LOW HITPOINT WARNING * * *
The six-headed hydra closely misses you.
The six-headed hydra barely misses you. The six-headed hydra bites you!
* * * LOW HITPOINT WARNING * * *
Unknown command.
Your crimson imp hits the six-headed hydra.
The adder bites you.
* * * LOW HITPOINT WARNING * * *
Your crimson imp barely misses the adder.
The adder bites you.
* * * LOW HITPOINT WARNING * * *
You are poisoned.
The adder poisons you!
You feel sick. The adder bites you but does no damage.
Your crimson imp misses the adder.
The six-headed hydra bites you!
You die...
Your body crumbles into a pile of gold.

#....## #.# #.....##
##.# #......## #..#
#.......# #.##
#.......## #<#
#........## #.#
#.........# ##.###
#.........# #...<##
#........## ##D@...##
#........# ##)5S....#
##......####[..5.....#
##.....#....#.........#
###...)..#####........#
##...#...# ####.......
#...##...### ##.....
#...####....## ###..
#...###..)....#


You could see a six-headed hydra, an adder and 2 friendly crimson imps.

Vanquished Creatures
  Sigmund (D:2)
  A black bear (D:6)
  An ice beast (D:5)
  A centaur (D:5)
  An ogre (D:7)
  2 bullfrogs (D:6)
  A howler monkey (D:3)
  A bullfrog zombie (D:5)
  3 bullfrog skeletons (D:5)
  An orc priest (D:3)
  2 centaur skeletons
  Jessica (D:2)
  4 orc wizards
  4 worker ants
  Natasha (thrice) (D:3)
  A howler monkey skeleton (D:7)
  10 adders
  2 white imps
  2 ufetubi (D:5)
  An adder skeleton (D:5)
  A worm (D:3)
  5 dart slugs
  6 leopard geckos
  27 orcs
  4 bats
  4 giant cockroaches
  9 goblins
  3 hobgoblins
  4 jackals (D:1)
  8 quokkas
  2 ball pythons
  2 frilled lizards
  5 kobolds
  7 rats
130 creatures vanquished.

Vanquished Creatures (collateral kills)
  An orc warrior (D:6)
  3 ogres
  A centaur (D:6)
  A scorpion (D:6)
  A worker ant (D:6)
  4 orcs
  A quokka skeleton (D:6)
12 creatures vanquished.

Vanquished Creatures (others)
  5 plants (D:4)
5 creatures vanquished.

Grand Total: 147 creatures vanquished

Notes
Turn   | Place    | Note
-------+----------+-------------------------------------------
     0 | D:1      | MajorAdolf the Naga Wanderer began the quest for the Orb.
     0 | D:1      | MajorAdolf set off with the following items: a +2 falchion,
                  | a potion of lignification, a +0 spear, a +0 robe
     0 | D:1      | Reached XP level 1. HP: 21/21 MP: 1/1
   242 | D:1      | Reached XP level 2. HP: 27/28 MP: 2/2
   762 | D:1      | Reached XP level 3. HP: 17/34 MP: 3/3
  1718 | D:2      | Found a white marble altar of Elyvilon.
  1770 | D:2      | Reached skill level 4 in Fighting
  1781 | D:2      | Reached XP level 4. HP: 44/44 MP: 4/4
  1820 | D:2      | Noticed Sigmund
  1858 | D:2      | Killed Sigmund
  1859 | D:2      | Reached skill level 5 in Fighting
  1859 | D:2      | Reached XP level 5. HP: 9/52 MP: 5/5
  2227 | D:2      | Noticed Jessica
  2231 | D:2      | Killed Jessica
  2232 | D:2      | Reached XP level 6. HP: 61/61 MP: 6/6
  2636 | D:3      | Noticed Natasha
  2642 | D:3      | Killed Natasha
  2775 | D:3      | Noticed Natasha
  2779 | D:3      | Killed Natasha
  2870 | D:3      | Noticed Natasha
  2886 | D:3      | Killed Natasha
  3549 | D:3      | Reached XP level 7. HP: 62/68 MP: 7/7
  3696 | D:4      | Reached skill level 6 in Fighting
  3725 | D:4      | Found a staircase to the Ecumenical Temple.
  3737 | Temple   | Entered the Ecumenical Temple
  3919 | Temple   | Became a worshipper of Gozag Ym Sagoz the Greedy
  5299 | D:4      | Found Haicam's Armour Shop.
  5358 | D:5      | Entered Level 5 of the Dungeon
  5416 | D:5      | Learned a level 2 spell: Call Imp
  5421 | D:5      | Learned a level 4 spell: Summon Lightning Spire
  6139 | D:5      | Reached skill level 1 in Spellcasting
  6139 | D:5      | Reached skill level 1 in Summonings
  6139 | D:5      | Reached skill level 1 in Air Magic
  6662 | D:5      | Reached XP level 8. HP: 7/76 MP: 8/10
  8027 | D:6      | Noticed a six-headed hydra
  8509 | D:6      | Found an ornate altar of the Wu Jian Council.
  9964 | D:7      | Reached XP level 9. HP: 43/82 MP: 14/14
 10301 | D:6      | HP: 2/82 [adder (4)]
 10302 | D:6      | Mangled by a six-headed hydra

Illustrated notes

Levels and vault maps discovered:
D:1:      lightli_arrival_statue_moat, layout_basic, minmay_tetromino_i2
D:2:      layout_loops_cross, elyvilon_altar_4, uniq_sigmund, uniq_jessica
D:3:      layout_rooms, uniq_natasha
D:4:      layout_loops_ring, minmay_temple_entry_gardened_gates, serial_shops,
          shop
D:5:      layout_layer_cave
D:6:      cheibrodos_fzero, layout_cave_pods, basic_altar
D:7:      layout_loops_cross, serial_shops, shop, shop,
          biasface_ghost_orc_armoury, bh_walls_and_bars
Temple:   kilobyte_greek_temple

Skill      XL: |  1  2  3  4  5  6  7  8  9 |
---------------+----------------------------+-----
Dodging        | 2 3 4 |  4.5
Fighting       | 4 5 6 |  6.2
Shields        | 2 |  2.4
Spellcasting   | 1 3 |  3.6
Summonings     | 1 4 |  4.0
Air Magic      | 1 3 4 |  4.0
Long Blades    | |  2.0
Polearms       | |  2.0
Throwing       | |  1.0

Action                   |  1- 3 |  4- 6 |  7- 9 || total
-------------------------+-------+-------+-------++-------
Melee: Falchion          |    82 |    89 |   294 ||   465
 Cast: Call Imp          |       |       |    29 ||    29
 Abil: Spit Poison       |     2 |     8 |     4 ||    14
  Use: Potion            |       |     1 |       ||     1
       Scroll            |       |       |    17 ||    17
 Stab: Sleeping          |       |     2 |     3 ||     5
       Distracted        |       |       |     2 ||     2
Armor: Robe              |    15 |    13 |    50 ||    78
       Skin              |       |     1 |       ||     1
Dodge: Dodged            |    47 |    69 |   178 ||   294
Block: Buckler           |       |       |    38 ||    38
       Rpst.: Falchion   |    13 |    19 |    53 ||    85
